 Dungeon Crawl Stone Soup version 0.22-a0-542-gce4f928 (webtiles) character file.

33 iamserjio the Ruffian (level 3, -3/35 HPs)
             Began as an Ogre Transmuter on June 24, 2018.
             Slain by a hobgoblin
             ... wielding a +0 club
              (6 damage)
             ... on level 1 of the Dungeon.
             The game lasted 00:01:47 (934 turns).

iamserjio the Ruffian (Ogre Transmuter)              Turns: 934, Time: 00:01:48

Health: -3/35      AC:  3    Str: 14    XL:     3   Next: 29%
Magic:  7/7        EV: 10    Int: 15    God:
Gold:   23         SH:  0    Dex:  9    Spells: 6/7 levels left

rFire    . . .     SeeInvis .     - Unarmed
rCold    . . .     Gourm    .   (no shield)
rNeg     . . .     Faith    .   b - +0 robe
rPois    .         Spirit   .   (helmet restricted)
rElec    .         Reflect  .   (no cloak)
rCorr    .         Harm     .   (gloves unavailable)
MR       .....                  (boots unavailable)
Stlth    +.........             (no amulet)
HPRegen  0.11/turn              (no ring)
MPRegen  0.10/turn              (no ring)

@: appendage
A: large, unfitting armour, talons 3, tough skin 1
a: End Transformation


You were on level 1 of the Dungeon.
You were not hungry.
You had grown temporary talons.
You visited 1 branch of the dungeon, and saw 1 of its levels.

You collected 23 gold pieces.

Inventory:

Missiles
 a - 12 arrows
Armour
 b - a +0 robe (worn)
Potions
 e - a potion of ambrosia {unknown}
Comestibles
 d - 3 rations


   Skills:
 + Level 2.1 Fighting
 - Level 2.0 Dodging
 * Level 3.2 Unarmed Combat
 + Level 2.7 Spellcasting
 + Level 2.1 Transmutations


You had 6 spell levels left.
You knew the following spells:

 Your Spells              Type           Power        Failure   Level  Hunger
a - Beastly Appendage     Tmut           #.....       9%          1    #......

Your spell library contained the following spells:

 Spells                   Type           Power        Failure   Level  Hunger
 Spider Form              Tmut/Pois      #.........   36%         3    ###....
 Blade Hands              Tmut           #.........   94%         5    ######.
 Ice Form                 Ice/Tmut       #.......     78%         4    #####..
 Sticks to Snakes         Tmut           #.......     13%         2    ##.....


Dungeon Overview and Level Annotations

Branches:
Dungeon (1/15)

Altars:


Innate Abilities, Weirdness & Mutations

You are too large for most types of armour.
You have tough skin. (AC +1)
You have claws for feet.


Message History

The leopard gecko bites you.
You hit the leopard gecko but do no damage.
The leopard gecko bites you.
You hit the leopard gecko.
The leopard gecko is almost dead.
The leopard gecko hisses menacingly.
The leopard gecko closely misses you.
You hit the leopard gecko.
You kill the leopard gecko!
Casting: Beastly Appendage (safe; 9% risk of failure)
Confirm with . or Enter, or press ? or * to list all spells.
Your feet morph into talons.
The hobgoblin hits you with a club!
* * * LOW HITPOINT WARNING * * *
You hit the hobgoblin.
The hobgoblin is severely wounded.
The hobgoblin hits you with a club.
* * * LOW HITPOINT WARNING * * *
It was a potion of magic.
Magic courses through your body. The hobgoblin hits you with a club.
You die...

.#.#.#.#.# #..#
.#.#.#...# #..#
##.#.#.### #..#
#.##.#.# #..#
.##.##.#
#####..# ##
##.##..#
#......####....
..##..##
#.###.........#
###..## #.#
#..........
....## #@#
#.#######.#
###.# #g# #.#
....# #h# #.#
#.### #.# #.#
#.# #g# #.# #.#
#h# #.# #.#
.....(.g# ..#
#.# ########l
... #.# .#


You could see 2 jackals, 3 hobgoblins and a frilled lizard.

Vanquished Creatures
  An ooze (D:1)
  3 leopard geckos (D:1)
  4 giant cockroaches (D:1)
  4 hobgoblins (D:1)
  2 jackals (D:1)
  4 kobolds (D:1)
  A frilled lizard (D:1)
  5 rats (D:1)
24 creatures vanquished.

Notes
Turn   | Place    | Note
-------+----------+-------------------------------------------
     0 | D:1      | iamserjio the Ogre Transmuter began the quest for the Orb.
     0 | D:1      | Reached XP level 1. HP: 19/19 MP: 3/3
   124 | D:1      | Reached XP level 2. HP: 3/27 MP: 5/5
   439 | D:1      | Reached skill level 3 in Unarmed Combat
   886 | D:1      | Reached XP level 3. HP: 28/35 MP: 7/7
   934 | D:1      | Slain by a hobgoblin

Vault maps used:
D:1:      evilmike_arrival_rings, minmay_hexomino_c4

Skill      XL: |  1  2 |
---------------+-------+-----
Unarmed Combat | 3 |  3.2
Transmutations | 2 |  2.1
Fighting       | 2 |  2.1
Dodging        | 2 |  2.0
Spellcasting   | |  2.7

Action                   || total
-------------------------++-------
Melee: Unarmed           ||   106
       Punch             ||     3
       Kick              ||     1
 Cast: Beastly Appendage ||     2
  Use: Potion            ||     1
Armor: Robe              ||    24
Dodge: Dodged            ||    44

Table legend:
 A = Spawn XP
 B = Non-spawn XP
 C = Spawn XP percentage of total XP
 D = Spawn monster count
 E = Non-spawn monster count
 F = Spawn count percentage of total count
 G = Total turns spent on level
                    A         B        C        D         E        F      G
               +---------+---------+-------+---------+---------+-------+---------
         Total |       0 |      48 |   0.0 |       0 |      24 |   0.0 |   934
               +---------+---------+-------+---------+---------+-------+---------
           D:1 |       0 |      48 |   0.0 |       0 |      24 |   0.0 |   934
               +---------+---------+-------+---------+---------+-------+---------
